 Dungeon Crawl Stone Soup version 0.23.2-30-g0e89c35649 (webtiles) character file.

Game seed: 1157022266961787859

10 Artanis the Sneak (level 2, -6/13 HPs)
             Began as a Spriggan Enchanter on June 23, 2019.
             Mangled by a gnoll
             ... wielding a +0 spear
              (8 damage)
             ... on level 1 of the Dungeon.
             The game lasted 00:12:13 (661 turns).

Artanis the Sneak (Spriggan Enchanter)               Turns: 661, Time: 00:12:13

Health: -6/13      AC:  2    Str:  4    XL:     2   Next: 10%
Magic:  0/6        EV: 18    Int: 16    God:
Gold:   18         SH:  5    Dex: 16    Spells: 3/6 levels left

rFire    . . .     SeeInvis +   a - +1 dagger
rCold    . . .     Gourm    .   i - +0 buckler (curse)
rNeg     . . .     Faith    .   b - +0 robe
rPois    .         Spirit   .   (helmet restricted)
rElec    .         Reflect  .   (no cloak)
rCorr    .         Harm     .   (gloves unavailable)
MR       .....                  (boots unavailable)
Stlth    +++.......             (no amulet)
HPRegen  0.04/turn              (no ring)
MPRegen  0.10/turn              (no ring)

@: very quick
A: very small, unfitting armour, see invisible, herbivore, speed 3, slow
metabolism 2
a: no special abilities


You were on level 1 of the Dungeon.
You were not hungry.

You visited 1 branch of the dungeon, and saw 1 of its levels.

You collected 18 gold pieces.

Inventory:

Hand Weapons
 a - a +1 dagger (weapon)
Missiles
 h - 3 javelins
 j - 10 arrows
Armour
 b - a +0 robe (worn)
 i - a cursed +0 buckler (worn)
Scrolls
 e - 2 scrolls of magic mapping {unknown}
 f - a scroll of teleportation {unknown}
 g - 2 scrolls of identify {unknown}
 l - a scroll of fog {unknown}
Potions
 c - a potion of magic {unknown}
 k - a potion of agility {unknown}
Comestibles
 d - 2 rations


   Skills:
 + Level 1.4 Short Blades
 + Level 3.2 Dodging
 + Level 4.6 Stealth
 + Level 2.9 Spellcasting
 + Level 3.8 Hexes


You had 3 spell levels left.
You knew the following spells:

 Your Spells              Type           Power        Failure   Level  Hunger
a - Corona                Hex            ##.....      7%          1    #......
b - Ensorcelled Hibernat  Hex/Ice        #.....       22%         2    ##.....

Your spell library contained the following spells:

 Spells                   Type           Power        Failure   Level  Hunger
 Confuse                  Hex            ##......     21%         3    ###....
 Tukima's Dance           Hex            ##......     21%         3    ###....
 Dazzling Spray           Conj/Hex       #.....       41%         3    ###....


Dungeon Overview and Level Annotations

Branches:
Dungeon (1/15)

Altars:


Innate Abilities, Weirdness & Mutations

You are very small and have problems with some larger weapons.
You are too small for most types of armour.
You have supernaturally acute eyesight. (SInv)
You are a herbivore.
You cover ground extremely quickly.
You need to consume almost no food.


Message History

Casting: Ensorcelled Hibernation (safe; 22% risk of failure)
Confirm with . or Enter, or press ? or * to list all spells.
Aiming: Ensorcelled Hibernation (safe; 22% risk of failure)
Press: ? - help, Shift-Dir - straight line, f/p - gnoll
Aim: a gnoll, wielding a +0 spear (chance to defeat MR: 49%)
The gnoll resists with some effort.
The gnoll barely misses you.
Casting: Ensorcelled Hibernation (safe; 22% risk of failure)
Confirm with . or Enter, or press ? or * to list all spells.
You don't have enough magic to cast that spell.
You barely miss the frilled lizard. The frilled lizard bites you.
You block the gnoll's attack.
You miss the frilled lizard. The frilled lizard bites you.
The gnoll hits you from afar with a +0 spear!
Ouch! That really hurt!
* * * LOW HITPOINT WARNING * * *
You closely miss the frilled lizard. You block the kobold's attack.
The frilled lizard bites you but does no damage.
The gnoll hits you from afar with a +0 spear!
Ouch! That really hurt!
You die...

....#.#.......#.....#....)####.##
....#..>............+.....'......
....#.#.###.........#.....##.....
#.....#.......#######.....##.#.#.
...#..#.######### #.....+..#...
#.....#.....#...# #.....##.###.
#'#...#.###.#.#.# ###....#.# #^
......#.....(.#K#######..#.#.####
.....##........l@.g..............
...####.....#.#######....#.####..
...# #######(##### #.#...... .
#### #.l...# #.####.###
###.....###.# #... .....K..'.s.#
##### ........##### ........#
........#


You could see a gnoll, a kobold and a frilled lizard.

Vanquished Creatures
  A leopard gecko (D:1)
  3 kobolds (D:1)
  3 bats (D:1)
  3 rats (D:1)
10 creatures vanquished.

Notes
Turn   | Place    | Note
-------+----------+-------------------------------------------
     0 | D:1      | Artanis the Spriggan Enchanter began the quest for the Orb.
     0 | D:1      | Reached XP level 1. HP: 9/9 MP: 5/5
   505 | D:1      | Reached XP level 2. HP: 13/13 MP: 6/6
   509 | D:1      | Learned a level 2 spell: Ensorcelled Hibernation
   661 | D:1      | Mangled by a gnoll

Action                   || total
-------------------------++-------
Melee: Dagger            ||    37
 Cast: Ensorcelled Hiber ||     4
 Stab: Sleeping          ||     5
Armor: Robe              ||     5
Dodge: Dodged            ||    26
Block: Buckler           ||     2
